 Dungeon Crawl Stone Soup version 0.24.0-123-gd5b16e6ec5 (webtiles) character file.

Game seed: 14089155609504484092, levelgen mode: deterministic

2128 sankara the Firebug (level 9, -10/51 HPs)
             Began as an Octopode Fire Elementalist on Jan 11, 2020.
             Was an Initiate of Gozag.
             Mangled by a hornet (17 damage)
             ... on level 7 of the Dungeon.
             The game lasted 00:38:13 (8780 turns).

sankara the Firebug (Octopode Fire Elementalist)    Turns: 8780, Time: 00:38:14

Health: -10/51     AC:  1    Str: 12    XL:     9   Next: 29%
Magic:  5/14       EV: 15    Int: 21    God:    Gozag
Gold:   303        SH:  0    Dex: 12    Spells: 1/15 levels left

rFire    . . .     SeeInvis .   a - +2 dagger (venom)
rCold    . . .     Gourm    .   (no shield)
rNeg     . . .     Faith    .   (helmet restricted)
rPois    .         Spirit   .   (no amulet)
rElec    .         Reflect  .   v - +5 ring of strength
rCorr    .         Harm     .   (no ring)
MR       .....                  (no ring)
Stlth    ++++......             (no ring)
HPRegen  0.17/turn              (no ring)
MPRegen  0.14/turn              (no ring)
                                (no ring)
                                (no ring)

@: gold aura, flying
A: almost no armour, stealthy swim, amphibious, 8 rings, constrict 8, camouflage
1, gelatinous body 1
a: Potion Petition, Call Merchant, Bribe Branch, Renounce Religion


You were on level 7 of the Dungeon.
You worshipped Gozag.
Gozag was aware of your devotion.
You were not hungry.

You visited 1 branch of the dungeon, and saw 7 of its levels.

You collected 550 gold pieces.
You spent 192 gold pieces at shops.
You paid 55 gold pieces to Gozag.

Inventory:

Hand Weapons
 a - a +2 dagger of venom (weapon)
 b - a +0 hunting sling
Missiles
 i - 170 stones (quivered)
 q - 26 sling bullets
Jewellery
 v - a +5 ring of strength (left tentacle)
Wands
 j - a wand of iceblast (9)
 w - a wand of digging (8)
 y - a wand of polymorph (4)
 C - a wand of flame (2)
Scrolls
 d - a scroll of magic mapping
 h - 13 scrolls of identify
 k - a scroll of enchant weapon
 l - 3 scrolls of amnesia
 t - a scroll of immolation {unknown}
 u - 3 scrolls of teleportation
Potions
 c - 2 potions of flight
 e - 2 potions of haste {unknown}
 g - 4 potions of curing
 m - 2 potions of cancellation {unknown}
 n - 4 potions of lignification {unknown}
 o - 2 potions of heal wounds {unknown}
 p - a potion of mutation {unknown}
 z - 2 potions of resistance {unknown}
 A - a potion of might {unknown}
 B - a potion of agility {unknown}
 D - a potion of magic {unknown}
Comestibles
 f - 6 rations


   Skills:
 + Level 5.0 Dodging
 + Level 7.0 Stealth
 + Level 3.9 Spellcasting
 * Level 6.4 Conjurations
 * Level 7.3 Fire Magic


You had one spell level left.
You knew the following spells:

 Your Spells              Type           Power        Failure   Level  Hunger
a - Flame Tongue          Conj/Fire      ####.        1%          1    None
b - Conjure Flame         Conj/Fire      ####....     2%          3    ###....
c - Sticky Flame          Conj/Fire      ####....     7%          4    ####...
d - Animate Skeleton      Necr           N/A          12%         1    None
e - Fireball              Conj/Fire      ####......   21%         5    ######.

Your spell library contained the following spells:

 Spells                   Type           Power        Failure   Level  Hunger
 Apportation              Tloc           #.....       12%         1    None
 Confusing Touch          Hex            #.....       12%         1    None
 Summon Small Mammal      Summ           #...         12%         1    None
 Throw Flame              Conj/Fire      ####..       1%          2    #......
 Inner Flame              Hex/Fire       ###.....     9%          3    ###....


Dungeon Overview and Level Annotations

Branches:
Dungeon (7/15)
 Temple: D:4-7

Altars:
Cheibriados
Gozag
Okawaru
Qazlal
Uskayaw
Wu Jian
The Shining One

Shops:
D:4 :   D:6 ?


Innate Abilities, Weirdness & Mutations

You cannot wear most types of armour.
You are very stealthy in the water. (Stealth+)
You are amphibious.
You can wear up to eight rings at the same time.
You can use your tentacles to constrict eight enemies at once.
Your skin changes colour to match your surroundings (Stealth+).
Your rubbery body absorbs attacks. (AC +1, EV +1)


Message History

You hit the killer bee.
The killer bee is poisoned.
The killer bee is no longer distracted by gold.
Your grab misses the killer bee.
The killer bee is lightly wounded.
You hear an angry buzzing noise.
The killer bee misses you. x2
You closely miss the killer bee. Your grab misses the killer bee.
The killer bee is heavily wounded.
The killer bee closely misses you. The killer bee stings you.
* * * LOW HITPOINT WARNING * * *
Casting: Conjure Flame (safe; 2% risk of failure)
Confirm with . or Enter, or press ? or * to list all spells.
Aiming: Conjure Flame (safe; 2% risk of failure)
Press: ? - help, Dir - move target cursor The fire ignites!
You kill the killer bee!
Your Dodging skill increases to level 5!
The hornet stings you!
You die...
Your body crumbles into a pile of gold.

.....##.# #......
#...#.########+
#..............
#.....)......#
#..<#......#.# (
#...)........# ##y#
#...........##### .y...
#...###.....§@○y##.....c
##### #.....y##.........
#..(..............
#.#####....#...... #..
#........... #.#
.#[.......... #..
#.#....#...... ...
#.########..>. #. #.....
.###


You could see a hornet and a killer bee.

Vanquished Creatures
  A hippogriff (D:6)
  A hungry ghost (D:7)
  2 orc warriors (D:6)
  3 ogres
  2 centaurs
  A phantom (D:5)
  3 bullfrogs
  2 water moccasin skeletons
  A scorpion (D:6)
  3 killer bees (D:7)
  3 wights (D:6)
  A bullfrog zombie (D:6)
  A centaur skeleton (D:4)
  A hound (D:4)
  2 orc wizards (D:6)
  Ijyb (D:3)
  3 worker ants
  A hound skeleton (D:3)
  A hound zombie (D:6)
  A worker ant zombie (D:5)
  3 gnolls (D:3)
  7 adders
  A shadow imp (D:6)
  2 oozes
  An adder skeleton (D:4)
  7 worms
  3 dart slugs
  5 leopard geckos
  17 orcs
  2 ball pythons
  6 giant cockroaches
  6 goblins
  12 hobgoblins
  4 jackals (D:2)
  11 kobolds
  A quokka (D:5)
  8 bats
  6 frilled lizards
  A leopard gecko skeleton (D:7)
  7 rats
144 creatures vanquished.

Notes
Turn   | Place    | Note
-------+----------+-------------------------------------------
     0 | D:1      | sankara the Octopode Fire Elementalist began the quest for
                  | the Orb.
     0 | D:1      | Reached XP level 1. HP: 11/11 MP: 3/3
   344 | D:1      | Reached XP level 2. HP: 17/17 MP: 0/5
   636 | D:1      | Reached XP level 3. HP: 21/21 MP: 2/6
  1288 | D:2      | Reached XP level 4. HP: 27/27 MP: 4/7
  1557 | D:2      | Noticed a bullfrog
  1568 | D:2      | Killed a bullfrog
  1568 | D:2      | Reached XP level 5. HP: 15/31 MP: 3/8
  1806 | D:2      | Found a glowing golden altar of the Shining One.
  1952 | D:1      | Learned a level 3 spell: Conjure Flame
  1957 | D:1      | Learned a level 4 spell: Sticky Flame
  2821 | D:3      | Noticed Ijyb
  2821 | D:3      | Paralysed by Ijyb for 6 turns
  2831 | D:3      | Killed Ijyb
  3004 | D:3      | Reached XP level 6. HP: 36/36 MP: 6/9
  3729 | D:3      | Found an ornate altar of the Wu Jian Council.
  4793 | D:4      | Reached skill level 5 in Fire Magic
  4805 | D:4      | Reached XP level 7. HP: 41/41 MP: 10/10
  5041 | D:4      | Found an iron altar of Okawaru.
  5064 | D:4      | Found Hist's Book Shoppe.
  5170 | D:5      | Entered Level 5 of the Dungeon
  5306 | D:5      | Reached skill level 5 in Stealth
  5671 | D:5      | Found a stormy altar of Qazlal.
  5671 | D:5      | Found a snail-covered altar of Cheibriados.
  6595 | D:5      | Learned a level 1 spell: Animate Skeleton
  6646 | D:5      | Reached XP level 8. HP: 46/46 MP: 10/12
  6653 | D:5      | Found an opulent altar of Gozag.
  6657 | D:5      | Became a worshipper of Gozag Ym Sagoz the Greedy
  6721 | D:6      | Found a hide-covered altar of Uskayaw.
  6722 | D:6      | Noticed a +0 dagger
  6722 | D:6      | Noticed a +0 dagger
  6885 | D:6      | Reached skill level 5 in Conjurations
  7422 | D:6      | Found Ket Wym's Magic Scroll Shop.
  7422 | D:6      | Noticed a hippogriff
  7441 | D:6      | Killed a hippogriff
  7850 | D:6      | Reached XP level 9. HP: 47/51 MP: 10/14
  7905 | D:6      | Bought a scroll of magic mapping for 42 gold pieces
  7905 | D:6      | Bought a scroll of enchant weapon for 90 gold pieces
  7905 | D:6      | Bought a scroll of teleportation for 36 gold pieces
  7905 | D:6      | Bought a scroll of identify for 24 gold pieces
  8430 | D:6      | Learned a level 5 spell: Fireball
  8775 | D:7      | Noticed a hornet
  8780 | D:7      | Reached skill level 5 in Dodging
  8780 | D:7      | Mangled by a hornet

Levels and vault maps discovered:
D:1:      dpeg_arrival_three_same_balls, layout_basic
D:2:      layout_rooms, nicolae_tso_carved_into_rock
D:3:      layout_basic, nicolae_overflow_hidden_temple, uniq_ijyb
D:4:      layout_loops_ring, first_ration, serial_shops, kennysheep_mini,
          kennysheep_flooded_box
D:5:      layout_basic, marbit_many_paths, amethyst_overflow_temple_binary,
          minmay_puff
D:6:      layout_basic, dancing_weapons_uskayaw, serial_shops, shop,
          supply_closet_lemuel
D:7:      layout_rooms, temple_doors_e, serial_co_window_serial,
          co_window_of_opportunity_a, co_window_paths_a, co_window_paths_b,
          co_window_corner_a, co_window_corner_a, co_window_paths_b,
          co_window_corner_a, co_window_corner_a, co_window_paths_a,
          co_window_broadway_c, co_window_broadway_a, co_window_2corner,
          co_window_paths_c, co_window_broadway_a, glass_columns_c,
          minmay_misc_feat_hallway, the_bakery, chequers_serial_rivers_room_a

Skill      XL: |  1  2  3  4  5  6  7  8  9 |
---------------+----------------------------+-----
Stealth        | 3 4 5 6 7 |  7.0
Conjurations   | 2 3 4 6 |  6.4
Fire Magic     | 4 5 6 7 |  7.3
Dodging        | 3 4 5 |  5.0
Spellcasting   | 3 |  3.9

Action                   |  1- 3 |  4- 6 |  7- 9 || total
-------------------------+-------+-------+-------++-------
Melee: Unarmed           |     7 |       |       ||     7
       Constrict         |     5 |     8 |     3 ||    16
       Short sword       |     5 |       |       ||     5
       Dagger            |     7 |    34 |    34 ||    75
       Tentacles         |     1 |     2 |     3 ||     6
 Fire: Hunting sling     |       |       |   319 ||   319
Throw: Stone             |       |       |     4 ||     4
 Cast: Flame Tongue      |    41 |    95 |    58 ||   194
       Conjure Flame     |       |     4 |    32 ||    36
       Sticky Flame      |       |     1 |     2 ||     3
Evoke: Wand              |       |       |     6 ||     6
  Use: Scroll            |       |       |     6 ||     6
       Potion            |       |       |     2 ||     2
 Stab: Sleeping          |     3 |    15 |     4 ||    22
  Eat: Chunk             |     2 |    11 |     4 ||    17
       Ration            |       |       |     5 ||     5
Armor: Skin              |     2 |     3 |     4 ||     9
Dodge: Dodged            |    25 |    33 |    84 ||   142
